 Dungeon Crawl Stone Soup version 0.30-a0-652-gcc886f7154 (webtiles) character file.

Game seed: 6462957579410185978

155 bmack86 the Chopper (level 5, -1/42 HPs)
             Began as a Demonspawn Berserker on Jan 18, 2023.
             Was a Priest of Trog.
             Killed from afar by an orc wizard (7 damage)
             ... with a puff of flame
             ... on level 4 of the Dungeon.
             The game lasted 00:06:48 (2960 turns).

bmack86 the Chopper (Demonspawn Berserker)          Turns: 2960, Time: 00:06:48

Health: -1/42      AC:  8    Str: 20    XL:     5   Next: 14%
Magic:  5/5        EV: 11    Int:  8    God:    Trog [***...]
Gold:   253        SH:  0    Dex: 12    Spells: 4/4 levels left

rFire   . . .      SeeInvis .    a - +0 hand axe
rCold   . . .      Faith    .    (no shield)
rNeg    . . .      Spirit   .    k - +0 ring mail
rPois   .          Reflect  .    (helmet restricted)
rElec   .          Harm     .    (no cloak)
rCorr   .          Rampage  .    (no gloves)
Will    .....                    g - +0 pair of boots Stlth
                                 (no amulet)
HPRegen 0.27/turn                (no ring)
MPRegen 0.09/turn                (no ring)

@: confused, on berserk cooldown, slowed, very slow
A: antennae 1, thin metallic scales 1
a: Renounce Religion, Berserk, Trog's Hand


You were on level 4 of the Dungeon.
You worshipped Trog.
Trog was most pleased with you.
You visited 1 branch of the dungeon, and saw 4 of its levels.

You collected 253 gold pieces.

Inventory:

Hand Weapons
 a - a +0 hand axe (weapon)
Armour
 g - a +0 pair of boots (worn)
 k - a +0 ring mail (worn)
Scrolls
 c - a scroll of brand weapon {unknown}
 d - a scroll of fog
 e - a scroll of amnesia
 f - a scroll of immolation {unknown}
 i - a scroll of magic mapping
 n - a scroll of blinking {unknown}
 p - a scroll of noise {unknown}
Potions
 h - 2 potions of curing
 j - a potion of berserk rage {unknown}
 l - a potion of invisibility {unknown}
 m - 4 potions of resistance
 o - a potion of heal wounds
 q - a potion of attraction {unknown}
 r - a potion of degeneration {unknown}


   Skills:
 + Level 3.7 Fighting
 * Level 3.9 Axes
 + Level 2.6 Armour
 + Level 2.6 Dodging


You had 4 spell levels left.
You didn't know any spells.
Your spell library was empty.

Dungeon Overview and Level Annotations

Branches:
Dungeon (4/15)             Temple (0/1) D:4

Altars:


Innate Abilities, Weirdness & Mutations

You have a pair of small antennae on your head.
You are partially covered in thin metallic scales. (AC +2)


Message History

You miss something. You hit the dart slug. The orc hits you but does no damage.
The orc wizard hits you with a +0 dagger.
Something hits you. The dart slug launches a dart at you.
The slug dart hits you but does no damage.
The orc wizard points at you and mumbles some strange words.
You are more confused.
Something hits you. The orc hits you but does no damage.
The dart slug closely misses you.
You miss something. You hit the dart slug. You hit the orc.
You kill the orc!
Trog accepts your kill.
You completely miss the orc wizard. Something hits you.
The orc wizard hits you with a +0 dagger.
The dart slug bites you but does no damage.
You hear some strange, mumbled words.
A magic dart appears from out of thin air!
The magic dart hits you.
* * * LOW HITPOINT WARNING * * *
The orc wizard gestures wildly while chanting.
The orc wizard flickers and vanishes!
You hit the dart slug.
You kill the dart slug!
Trog accepts your kill.
You completely miss something. You closely miss something. Something hits you.
* * * LOW HITPOINT WARNING * * *
Something hits you but does no damage. Something hits you.
* * * LOW HITPOINT WARNING * * *
Found 3 stones and a scroll of identify.
Found a staircase to the Ecumenical Temple.
You see here a dart slug corpse.
Okay, then.
You barely miss something. Something hits you.
* * * LOW HITPOINT WARNING * * *
You bump into the crystal wall.
Something hits you but does no damage. x2
You hear some strange, mumbled words.
A puff of flame appears from out of thin air!
The puff of flame hits you!
You die...

**,,,,,,,,*****,,*,,,* *,**
**,,,,,,,,,**,,...*,..##******,**
*,,*,,,,,.,*,,,..###...#*,,,,,,,,
*,*,,,,,,#..,,,....?...,*,,**,***
,,*,,***,....,,#.....#,,,,,**,*
*,,,** **....###..>..###.,,,,,**
,,,,*****.#....#...(.#....#,,,,**
,,,,*,,,>..................,,,,**
,*,,,,,*,.##.#..@###......##.,,**
,,,,*****.......{{#......=...,,,,
,**,#######.......#.....#....,,,,
,**,#.....##..............#..,,*,
,,,.#...............?..#......,,,
**,...............)..........#***
,,,.................))..####.# *
,,,.......#####.#.##.###.....# *
***##.....###...†....##....##* *


There were no monsters in sight!

Vanquished Creatures
  6 adders
  5 dart slugs
  7 orcs
  3 ball pythons
  5 endoplasms
  2 giant cockroaches (D:3)
  7 goblins
  11 hobgoblins
  10 jackals
  4 quokkas
  6 bats
  5 frilled lizards
  3 kobolds
  3 rats
77 creatures vanquished.

Notes
Turn   | Place    | Note
-------+----------+-------------------------------------------
     0 | D:1      | bmack86 the Demonspawn Berserker began the quest for the
                  | Orb.
     0 | D:1      | Reached XP level 1. HP: 18/18 MP: 1/1
   239 | D:1      | Gained mutation: You have a pair of small antennae on your
                  | head. [demonic ancestry]
   239 | D:1      | Reached XP level 2. HP: 24/24 MP: 2/2
  1001 | D:2      | Gained mutation: You are partially covered in thin metallic
                  | scales. (AC +2) [demonic ancestry]
  1001 | D:2      | Reached XP level 3. HP: 23/29 MP: 3/3
  1148 | D:2      | Reached ** piety under Trog
  1476 | D:2      | Found a faded altar of an unknown god.
  1796 | D:2      | Reached XP level 4. HP: 35/35 MP: 4/4
  2870 | D:4      | Reached *** piety under Trog
  2871 | D:4      | Reached XP level 5. HP: 25/42 MP: 5/5
  2958 | D:4      | Found a staircase to the Ecumenical Temple.
  2960 | D:4      | Killed from afar by an orc wizard

Illustrated notes

Levels and vault maps discovered:
D:1:      matt_arrival_grand_opening, layout_loops_corners
D:2:      layout_loops_corners, chequers_ecumenical_altar_lobes
D:3:      layout_loops_ring
D:4:      black_bear_nest_2, layout_rooms, elyvilon_altar_1,
          minmay_temple_entry_tees

Skill      XL: |  1  2 |
---------------+-------+-----
Dodging        | 2 |  2.6
Armour         | 2 |  2.6
Axes           | 3 |  3.9
Fighting       | |  3.7

Action                   |  1- 3 |  4- 6 || total
-------------------------+-------+-------++-------
Melee: Hand axe          |   103 |   133 ||   236
       Punch             |       |     1 ||     1
Invok: Berserk           |       |     2 ||     2
  Use: Scroll            |     4 |     3 ||     7
       Potion            |     1 |       ||     1
 Stab: Distracted        |     1 |       ||     1
       Sleeping          |     1 |       ||     1
Armor: Animal skin       |    37 |       ||    37
       Leather armour    |     4 |    12 ||    16
       Ring mail         |       |    75 ||    75
Dodge: Dodged            |    71 |   127 ||   198

Table legend: (Time is in decaauts)
 A = Elapsed time spent in this place.
 B = Non-inter-level travel time spent in this place.
 C = Inter-level travel time spent in this place.
 D = Time resting spent in this place.
 E = Time spent auto-exploring this place.
 F = Levels seen in this place.
 G = Mean time per level.
                   A        B        C        D        E       F      G
               +--------+--------+--------+--------+--------+-----+--------+
         Total |   3000 |   2903 |     97 |     41 |   1998 |   4 |  750.0 |
       Dungeon |   3000 |   2903 |     97 |     41 |   1998 |   4 |  750.0 |
               +--------+--------+--------+--------+--------+-----+--------+

Top non-repeatable levels by time:
     D:2: 1133 daAuts
     D:1: 988 daAuts
     D:3: 684 daAuts
     D:4: 193 daAuts
